 Dungeon Sprint DCSS version 0.31.0 (webtiles) character file.

Game seed: 10163148692413638967

20000000 thiscave3701365 the Intangible (level 27, -307/228 HPs)
             Began as a Djinni Warper on Jan 19, 2024.
             Was the Champion of Makhleb.
             Annihilated by a fleshlord
             ... wielding a +9 great mace
              (317 damage)
             ... in the Dungeon (Sprint VIII: "Arena of Blood").
             The game lasted 00:08:44 (200 turns).

thiscave3701365 the Intangible (Djinni Warper)       Turns: 200, Time: 00:08:45

Health: -307/228   AC:  6    Str: 20    XL:     27
Gold:   0          EV: 28    Int: 16    God:    Makhleb [******] SH:  0 Dex: 16

rFire   + + .        i - +∞ Axe of Woe
rCold   x . .        (shield currently unavailable)
rNeg    . . .        b - +0 leather armour
rPois   ∞            (no helmet)
rElec   .            (no cloak)
rCorr   .            (no gloves)
SInv    +            (boots unavailable)
Will    ++...        (no amulet)
Stlth   +++          j - ring of see invisible
HPRegen 0.58/turn    (no ring)
MPRegen 0.00/turn

%: no teleportation, infuse magic (-308 HP)
@: flying, slowed, very slow
A: sickness immunity, fire resistance 2, cold vulnerability 1, float, innate
caster, HP casting, extra vitality 1
0: Orb of Zot
a: Renounce Religion, Minor Destruction, Lesser Servant of Makhleb, Major
Destruction, Greater Servant of Makhleb


You were in the Dungeon.
You worshipped Makhleb.
Makhleb was exalted by your worship.
You visited 1 branch

Inventory:

Hand Weapons
 a - a +0 hand axe
 i - the +∞ Axe of Woe (weapon)
   (You found it in the Dungeon)
Missiles
 d - 7 darts of dispersal
Armour
 b - a +0 leather armour (worn)
Jewellery
 j - a ring of see invisible (left hand)
Scrolls
 c - 2 scrolls of blinking
Potions
 e - a potion of curing
 f - a potion of heal wounds
 g - a potion of haste
 h - a potion of berserk rage


   Skills:
 O Level 27 Fighting
 O Level 27 Short Blades
 O Level 27 Long Blades
 O Level 27 Axes
 O Level 27 Maces & Flails
 O Level 27 Polearms
 O Level 27 Staves
 O Level 27 Ranged Weapons
 O Level 27 Throwing
 O Level 27 Armour
 O Level 27 Dodging
 O Level 27 Stealth
 O Level 27 Shields
 O Level 27 Unarmed Combat
 O Level 27 Spellcasting
 O Level 27 Conjurations
 O Level 27 Hexes
 O Level 27 Summonings
 O Level 27 Necromancy
 O Level 27 Translocations
 O Level 27 Fire Magic
 O Level 27 Ice Magic
 O Level 27 Air Magic
 O Level 27 Earth Magic
 O Level 27 Alchemy
 O Level 27 Invocations
 O Level 27 Evocations
 O Level 27 Shapeshifting


You knew the following spells:

 Your Spells              Type           Power      Damage    Failure   Level
a - Blink                 Tloc           100%       N/A       0%          2
b - Lesser Beckoning      Tloc           100%       N/A       0%          2
c - Teleport Other        Tloc           82%        N/A       0%          3
d - Manifold Assault      Tloc           82%        N/A       0%          4
e - Vhi's Electric Charg  Tloc/Air       100%       N/A       0%          4
f - Slow                  Hex            100%       N/A       0%          1
g - Searing Ray           Conj           100%       2d8       0%          2
h - Dazzling Flash        Conj/Hex       100%       N/A       0%          3
i - Sticky Flame          Fire/Alch      82%        2d13      0%          4
j - Ignite Poison         Fire/Alch      82%        N/A       0%          4
k - Fireball              Conj/Fire      41%        3d17      0%          5
l - Plasma Beam           Fire/Air       41%        2x1d55    0%          6
m - Bombard               Conj/Erth      41%        9d7       0%          6
n - Enfeeble              Hex            41%        N/A       1%          7
o - Lehudib's Crystal Sp  Conj/Erth      41%        10d10     1%          8
p - Orb of Destruction    Conj           41%        9d11      1%          7
q - Discord               Hex            41%        N/A       1%          8
r - Chain Lightning       Conj/Air       41%        3d54      2%          9
Your spell library was empty.

Dungeon Overview and Level Annotations

Branches:
Dungeon (1/1)

Altars:
Makhleb


Innate Abilities, Weirdness & Mutations

You are immune to sickness and miasma.
You are immune to poison.
Your flesh is very heat resistant. (rF++)
You are vulnerable to cold. (rC-)
You float through the air rather than walking.
You learn spells naturally, not from books.
Your magical power is your life essence.
You have superior vitality. (+4 MHP)


Message History

The dread throws damnation at you.
The sphere of damnation explodes!
The damnation engulfs you!!
* * * LOW HITPOINT WARNING * * *
A scourge comes into view.
A sculptor of flesh comes into view. It is wielding a +9 great sword.
The large bag of meat is engulfed in blazing flames.
A scourge comes into view.
The fleshlord gestures wildly while chanting.
The fleshlord seems to speed up.
A scourge comes into view.
The scourge hisses angrily. x2
Unknown command.
Unknown command.
Unknown command.
Unknown command.
Unknown command.
A wretched soul comes into view.
The dread calls on the powers of darkness!
The bag of meat convulses!
The observer convulses!
The large bag of meat convulses!
Flame seeps out of the large bag of meat.
The fleshlord convulses!
The bag of meat convulses!
Your body is wracked with pain!
* * * LOW HITPOINT WARNING * * *
The fleshlord convulses!
The scourge convulses!
The bag of meat convulses! x2
The fleshlord convulses!
The eight-headed meat hydra convulses!
The bag of meat attacks as it pursues you!
The bag of meat completely misses you.
The large bag of meat is engulfed in blazing flames.
The dread calls on the powers of darkness!
The scourge convulses!
The fleshlord convulses!
Your body is wracked with pain!
* * * LOW HITPOINT WARNING * * *
The bag of meat convulses! x4; The fleshlord convulses!
The observer convulses!
The fleshlord convulses!
The scourge convulses!
The large bag of meat convulses!
Flame seeps out of the large bag of meat.
The eight-headed meat hydra convulses!
The fleshlord hits you with a +9 great mace!!!!!!
Ouch! That really hurt!
You die...

......#.....# ..
..))).#S.<._#.)))
...)=.#))..)#).))
#..))))..O.).)))§
.....°))###))))§.
...###○O)).Sp###)
.)..#†W)).G)#.°).
))))#)))o)..#..).
§)S..).)o@pWS†z).
○)).o)).o)....)W#
.)).)))).W.p...#.
.))))D....).)##).
.))#...†..†.#).).
.).)........#)))
..##)#...........
))).)........).).
#).†.#.....####


You could see an eight-headed meat hydra, an observer (fast, invisible), 3
scourges, 3 fleshlords, a sculptor of flesh, a large bag of meat (inner flame),
2 dreads, 2 wretched souls and 4 bags of meat.

Vanquished Creatures
  Dispater (D)
  20 hell knights (D)
  Sigmund (D)
  20 hell beasts (D)
  Edmund (D)
  12 royal mummies (D)
  22 wraiths (D)
  20 great orbs of eyes (D)
  Harold (D)
  17 vampire knights (D)
  53 ogres (D)
  17 two-headed ogres (D)
  11 liches (D)
  17 hydras (D)
  24 phantoms (D)
  140 orcs (D)
  15 skeletal warriors (D)
  10 sea snakes (D)
402 creatures vanquished.

Notes
Turn   | Place    | Note
-------+----------+-------------------------------------------
     0 | D        | Found the +∞ Axe of Woe
     0 | D        | thiscave3701365 the Djinni Warper began the quest for the
                  | Orb.
     0 | D        | thiscave3701365 set off with the following spells
                  | memorised: Blink, Lesser Beckoning, Teleport Other,
                  | Manifold Assault, Vhi's Electric Charge.
     0 | D        | Reached XP level 1. HP: 18/18 MP: 0/0
     1 | D        | Noticed a meat berserker
     2 | D        | Noticed a bag of meat
     3 | D        | Noticed a bag of meat
     4 | D        | Became a worshipper of Makhleb the Destroyer
     4 | D        | Noticed a bag of meat
     6 | D        | Killed a meat berserker
     6 | D        | Noticed a bag of meat
     7 | D        | Reached skill level 5 in Armour
     7 | D        | Reached XP level 2. HP: 46/46 MP: 0/0
     7 | D        | Reached XP level 3. HP: 51/51 MP: 0/0
     7 | D        | Learned a level 1 spell: Slow
     7 | D        | Reached XP level 4. HP: 58/58 MP: 0/0
     7 | D        | Reached XP level 5. HP: 64/64 MP: 0/0
     7 | D        | Learned a level 2 spell: Searing Ray
     7 | D        | Reached XP level 6. HP: 70/70 MP: 0/0
     7 | D        | Reached XP level 7. HP: 76/76 MP: 0/0
     7 | D        | Learned a level 3 spell: Dazzling Flash
     7 | D        | Reached XP level 8. HP: 82/82 MP: 0/0
     7 | D        | Reached XP level 9. HP: 87/87 MP: 0/0
     7 | D        | Learned a level 4 spell: Sticky Flame
     7 | D        | Reached XP level 10. HP: 94/94 MP: 0/0
     7 | D        | Reached XP level 11. HP: 100/100 MP: 0/0
     7 | D        | Learned a level 4 spell: Ignite Poison
     7 | D        | Reached XP level 12. HP: 106/106 MP: 0/0
     7 | D        | Noticed a bag of meat
     7 | D        | Noticed a meat berserker
     7 | D        | Noticed a bag of meat
     7 | D        | Noticed a bag of meat
     8 | D        | Noticed a bag of meat
     8 | D        | Noticed a bag of meat
     8 | D        | Killed a bag of meat
     8 | D        | Reached * piety under Makhleb
     8 | D        | Killed a bag of meat
     8 | D        | Noticed a meat berserker
     8 | D        | Noticed a meat berserker
     8 | D        | Noticed a bag of meat
     8 | D        | Noticed a bag of meat
     8 | D        | Noticed a bag of meat
     9 | D        | Reached skill level 5 in Throwing
     9 | D        | Reached XP level 13. HP: 118/118 MP: 0/0
     9 | D        | Learned a level 5 spell: Fireball
     9 | D        | Noticed a bag of meat
     9 | D        | Noticed a bag of meat
     9 | D        | Noticed a bag of meat
     9 | D        | Noticed a bag of meat
     9 | D        | Noticed a bag of meat
     9 | D        | Noticed a bag of meat
     9 | D        | Noticed a bag of meat
     9 | D        | Noticed a bag of meat
     9 | D        | Noticed a bag of meat
    10 | D        | Noticed a meat berserker
    10 | D        | Killed a meat berserker
    10 | D        | Noticed a meat berserker
    10 | D        | Noticed a bag of meat
    11 | D        | Reached XP level 14. HP: 41/128 MP: 0/0
    11 | D        | Killed a meat berserker
    11 | D        | Reached ** piety under Makhleb
    11 | D        | Noticed a bag of meat
    11 | D        | Noticed a bag of meat
    11 | D        | Noticed a bag of meat
    11 | D        | Noticed a bag of meat
    12 | D        | Reached XP level 15. HP: 45/137 MP: 0/0
    12 | D        | Learned a level 6 spell: Plasma Beam
    12 | D        | Killed a meat berserker
    12 | D        | Reached *** piety under Makhleb
    13 | D        | Reached XP level 16. HP: 146/151 MP: 0/0
    14 | D        | Reached skill level 27 in Dodging
    14 | D        | Reached **** piety under Makhleb
    14 | D        | Noticed a meat berserker
    14 | D        | Noticed a meat berserker
    15 | D        | Reached skill level 27 in Fighting
    15 | D        | Reached XP level 17. HP: 160/160 MP: 0/0
    15 | D        | Learned a level 6 spell: Bombard
    15 | D        | Reached ***** piety under Makhleb
    16 | D        | Reached skill level 27 in Axes
    16 | D        | Reached skill level 15 in Armour
    16 | D        | Killed a meat berserker
    17 | D        | Reached skill level 15 in Throwing
    17 | D        | Reached XP level 18. HP: 167/167 MP: 0/0
    17 | D        | Noticed a meat berserker
    18 | D        | Reached skill level 10 in Spellcasting
    18 | D        | Reached skill level 10 in Conjurations
    18 | D        | Reached skill level 10 in Hexes
    18 | D        | Reached skill level 10 in Summonings
    18 | D        | Reached skill level 10 in Necromancy
    18 | D        | Reached skill level 10 in Translocations
    18 | D        | Reached skill level 10 in Fire Magic
    18 | D        | Reached skill level 10 in Ice Magic
    18 | D        | Reached skill level 10 in Air Magic
    18 | D        | Reached skill level 10 in Earth Magic
    18 | D        | Reached skill level 10 in Alchemy
    19 | D        | Reached XP level 19. HP: 105/174 MP: 0/0
    19 | D        | Learned a level 7 spell: Enfeeble
    19 | D        | Killed a meat berserker
    19 | D        | Reached ****** piety under Makhleb
    19 | D        | Noticed a meat berserker
    19 | D        | Noticed a meat berserker
    20 | D        | Reached skill level 15 in Spellcasting
    20 | D        | Reached skill level 15 in Conjurations
    20 | D        | Reached skill level 15 in Hexes
    20 | D        | Reached skill level 15 in Summonings
    20 | D        | Reached skill level 15 in Necromancy
    20 | D        | Reached skill level 15 in Translocations
    20 | D        | Reached skill level 15 in Fire Magic
    20 | D        | Reached skill level 15 in Ice Magic
    20 | D        | Reached skill level 15 in Air Magic
    20 | D        | Reached skill level 15 in Earth Magic
    20 | D        | Reached skill level 15 in Alchemy
    21 | D        | Killed a meat berserker
    21 | D        | Killed a meat berserker
    22 | D        | Reached skill level 27 in Armour
    22 | D        | Reached XP level 20. HP: 181/181 MP: 0/0
    23 | D        | Noticed a large bag of meat
    23 | D        | Noticed a large bag of meat
    23 | D        | Noticed a meat berserker
    24 | D        | Killed a meat berserker
    24 | D        | Noticed a meat berserker
    25 | D        | Reached skill level 27 in Throwing
    25 | D        | Reached skill level 27 in Spellcasting
    25 | D        | Reached skill level 27 in Conjurations
    25 | D        | Reached skill level 27 in Hexes
    25 | D        | Reached skill level 27 in Summonings
    25 | D        | Reached skill level 27 in Necromancy
    25 | D        | Reached skill level 27 in Translocations
    25 | D        | Reached skill level 27 in Fire Magic
    25 | D        | Reached skill level 27 in Ice Magic
    25 | D        | Reached skill level 27 in Air Magic
    25 | D        | Reached skill level 27 in Earth Magic
    25 | D        | Reached skill level 27 in Alchemy
    25 | D        | Reached XP level 21. HP: 180/187 MP: 0/0
    25 | D        | Learned a level 8 spell: Lehudib's Crystal Spear
    26 | D        | Killed a meat berserker
    27 | D        | Reached XP level 22. HP: 194/194 MP: 0/0
    27 | D        | Noticed a destroyer
    27 | D        | Killed a meat berserker
    28 | D        | Reached skill level 10 in Shields
    28 | D        | Reached skill level 10 in Unarmed Combat
    28 | D        | Reached skill level 10 in Invocations
    28 | D        | Reached skill level 10 in Evocations
    28 | D        | Noticed a meat berserker
    28 | D        | Noticed a meat berserker
    29 | D        | Reached skill level 10 in Short Blades
    29 | D        | Reached skill level 10 in Long Blades
    29 | D        | Reached skill level 10 in Staves
    29 | D        | Reached skill level 10 in Stealth
    30 | D        | Reached skill level 10 in Maces & Flails
    30 | D        | Reached skill level 10 in Polearms
    30 | D        | Reached skill level 10 in Ranged Weapons
    30 | D        | Reached skill level 10 in Shapeshifting
    30 | D        | Killed a destroyer
    31 | D        | Reached XP level 23. HP: 201/201 MP: 0/0
    31 | D        | Learned a level 7 spell: Orb of Destruction
    31 | D        | Killed a large bag of meat
    32 | D        | Reached skill level 15 in Shields
    32 | D        | Reached skill level 15 in Unarmed Combat
    32 | D        | Reached skill level 15 in Invocations
    32 | D        | Reached skill level 15 in Evocations
    32 | D        | Reached XP level 24. HP: 194/208 MP: 0/0
    32 | D        | Noticed a large bag of meat
    33 | D        | Reached skill level 15 in Short Blades
    33 | D        | Reached skill level 15 in Long Blades
    33 | D        | Reached skill level 15 in Staves
    33 | D        | Reached skill level 15 in Stealth
    33 | D        | Killed a large bag of meat
    33 | D        | Noticed a large bag of meat
    34 | D        | Reached skill level 15 in Maces & Flails
    34 | D        | Reached skill level 15 in Polearms
    34 | D        | Reached skill level 15 in Ranged Weapons
    34 | D        | Reached skill level 15 in Shapeshifting
    35 | D        | Noticed a large bag of meat
    36 | D        | Reached XP level 25. HP: 214/214 MP: 0/0
    36 | D        | Learned a level 8 spell: Discord
    36 | D        | Noticed a destroyer
    40 | D        | Killed a destroyer
    40 | D        | Noticed a destroyer
    40 | D        | Noticed a large bag of meat
    41 | D        | Reached XP level 26. HP: 221/221 MP: 0/0
    42 | D        | Killed a destroyer
    42 | D        | Killed a large bag of meat
    43 | D        | Killed a large bag of meat
    43 | D        | Killed a large bag of meat
    43 | D        | Noticed a destroyer
    43 | D        | Noticed a destroyer
    44 | D        | Reached XP level 27. HP: 209/228 MP: 0/0
    44 | D        | Learned a level 9 spell: Chain Lightning
    44 | D        | Killed a destroyer
    44 | D        | Killed a destroyer
    44 | D        | Noticed a large bag of meat
    46 | D        | Killed a large bag of meat
    46 | D        | Noticed a large bag of meat
    47 | D        | Noticed an accursed
    47 | D        | Killed a large bag of meat
    48 | D        | Reached skill level 27 in Shields
    48 | D        | Reached skill level 27 in Unarmed Combat
    48 | D        | Reached skill level 27 in Invocations
    48 | D        | Reached skill level 27 in Evocations
    48 | D        | Killed an accursed
    49 | D        | Killed a large bag of meat
    50 | D        | Reached skill level 27 in Short Blades
    50 | D        | Reached skill level 27 in Long Blades
    50 | D        | Reached skill level 27 in Staves
    50 | D        | Reached skill level 27 in Stealth
    51 | D        | Noticed an accursed
    51 | D        | Killed an accursed
    51 | D        | Noticed an accursed
    52 | D        | Reached skill level 27 in Maces & Flails
    52 | D        | Reached skill level 27 in Polearms
    52 | D        | Reached skill level 27 in Ranged Weapons
    52 | D        | Reached skill level 27 in Shapeshifting
    52 | D        | Killed an accursed
    52 | D        | Noticed a tyrant
    53 | D        | Noticed a large bag of meat
    54 | D        | Killed a tyrant
    54 | D        | Noticed a destroyer
    55 | D        | Noticed a tyrant
    56 | D        | Killed a tyrant
    57 | D        | Noticed an accursed
    57 | D        | Killed a large bag of meat
    59 | D        | Killed a destroyer
    61 | D        | Killed an accursed
    61 | D        | Noticed a meat beast
    62 | D        | Killed a meat beast
    65 | D        | Noticed The Captor
    66 | D        | Killed The Captor
    67 | D        | Noticed a large bag of meat
    68 | D        | Killed a large bag of meat
    70 | D        | Noticed a meat beast
    71 | D        | Killed a meat beast
    73 | D        | Noticed a meat beast
    74 | D        | Killed a meat beast
    74 | D        | Noticed a meat beast
    75 | D        | Killed a meat beast
    76 | D        | Noticed a meat beast
    76 | D        | Killed a meat beast
    79 | D        | Noticed a large bag of meat
    80 | D        | Killed a large bag of meat
    86 | D        | Noticed a tyrant
    86 | D        | Killed a tyrant
    95 | D        | Noticed a dread
    95 | D        | Noticed a destroyer
    96 | D        | Noticed The Defiler
    96 | D        | Killed a dread
    96 | D        | Killed a destroyer
    97 | D        | Killed The Defiler
    97 | D        | Noticed a dread
    98 | D        | Killed a dread
    98 | D        | Noticed a meat beast
    98 | D        | Noticed a large bag of meat
    99 | D        | Noticed an accursed
    99 | D        | Killed a large bag of meat
    99 | D        | Killed an accursed
    99 | D        | Noticed an accursed
    99 | D        | Noticed The Servant
   100 | D        | Killed The Servant
   100 | D        | Killed an accursed
   100 | D        | Killed a meat beast
   103 | D        | Noticed a meat beast
   104 | D        | Killed a meat beast
   105 | D        | Noticed a large bag of meat
   106 | D        | Killed a large bag of meat
   106 | D        | Noticed a destroyer
   107 | D        | Killed a destroyer
   107 | D        | Noticed a dread
   108 | D        | Killed a dread
   108 | D        | Noticed a large bag of meat
   109 | D        | Killed a large bag of meat
   109 | D        | Noticed a tyrant
   110 | D        | Killed a tyrant
   111 | D        | Noticed a tyrant
   112 | D        | Killed a tyrant
   115 | D        | Noticed a destroyer
   115 | D        | Noticed an accursed
   116 | D        | Killed an accursed
   116 | D        | Killed a destroyer
   117 | D        | Noticed a meat beast
   118 | D        | Killed a meat beast
   119 | D        | Noticed a dread
   120 | D        | Noticed a fleshlord
   120 | D        | Killed a dread
   120 | D        | Killed a fleshlord
   120 | D        | Noticed a meat beast
   121 | D        | Killed a meat beast
   122 | D        | Noticed a fleshlord
   123 | D        | Killed a fleshlord
   124 | D        | Noticed a fleshlord
   124 | D        | Killed a fleshlord
   126 | D        | Noticed a fleshlord
   127 | D        | Noticed a fleshlord
   127 | D        | Killed a fleshlord
   127 | D        | Killed a fleshlord
   129 | D        | Noticed a fleshlord
   129 | D        | Killed a fleshlord
   129 | D        | Noticed a meat beast
   130 | D        | Noticed a destroyer
   131 | D        | Killed a meat beast
   131 | D        | Killed a destroyer
   131 | D        | Noticed a dread
   131 | D        | Noticed a fleshlord
   132 | D        | Killed a dread
   132 | D        | Killed a fleshlord
   132 | D        | Noticed a fleshlord
   133 | D        | Noticed a meat beast
   133 | D        | Killed a fleshlord
   133 | D        | Killed a meat beast
   133 | D        | Noticed a dread
   134 | D        | Killed a dread
   137 | D        | Noticed a destroyer
   138 | D        | Killed a destroyer
   138 | D        | Noticed a fleshlord
   138 | D        | Noticed a tyrant
   139 | D        | Killed a tyrant
   139 | D        | Killed a fleshlord
   139 | D        | Noticed a dread
   140 | D        | Killed a dread
   141 | D        | Noticed a dread
   141 | D        | Noticed a fleshlord
   141 | D        | Noticed a large bag of meat
   142 | D        | Killed a fleshlord
   142 | D        | Killed a large bag of meat
   142 | D        | Killed a dread
   142 | D        | Noticed a tyrant
   143 | D        | Killed a tyrant
   145 | D        | Noticed a meat beast
   145 | D        | Killed a meat beast
   145 | D        | Noticed a meat beast
   146 | D        | Killed a meat beast
   147 | D        | Noticed a dread
   148 | D        | Killed a dread
   148 | D        | Noticed a large bag of meat
   149 | D        | Killed a large bag of meat
   150 | D        | Noticed a fleshlord
   150 | D        | Noticed a fleshlord
   151 | D        | Killed a fleshlord
   151 | D        | Killed a fleshlord
   151 | D        | Noticed a meat beast
   152 | D        | Killed a meat beast
   153 | D        | Noticed a meat beast
   154 | D        | Killed a meat beast
   154 | D        | Noticed a dread
   154 | D        | Noticed a fleshlord
   156 | D        | Killed a dread
   156 | D        | Killed a fleshlord
   157 | D        | Noticed a dread
   157 | D        | Killed a dread
   157 | D        | Noticed a meat beast
   158 | D        | Killed a meat beast
   159 | D        | Noticed a fleshlord
   160 | D        | Killed a fleshlord
   160 | D        | Noticed a fleshlord
   160 | D        | Noticed a fleshlord
   161 | D        | Killed a fleshlord
   161 | D        | Killed a fleshlord
   161 | D        | Noticed a destroyer
   161 | D        | Noticed a destroyer
   162 | D        | Killed a destroyer
   162 | D        | Noticed a meat beast
   162 | D        | Noticed a dread
   163 | D        | Killed a dread
   163 | D        | Noticed a fleshlord
   163 | D        | Noticed a fleshlord
   164 | D        | Killed a destroyer
   164 | D        | Killed a fleshlord
   164 | D        | Killed a fleshlord
   165 | D        | Killed a meat beast
   165 | D        | Noticed a destroyer
   168 | D        | Noticed a meat beast
   168 | D        | Noticed a large bag of meat
   169 | D        | Killed a large bag of meat
   169 | D        | Killed a destroyer
   169 | D        | Killed a meat beast
   169 | D        | Noticed a tyrant
   170 | D        | Killed a tyrant
   170 | D        | Noticed a tyrant
   171 | D        | Killed a tyrant
   171 | D        | Noticed a dread
   172 | D        | Killed a dread
   172 | D        | Noticed a dread
   172 | D        | Noticed a dread
   173 | D        | Killed a dread
   173 | D        | Killed a dread
   173 | D        | Noticed a tyrant
   173 | D        | Noticed The Meatlord
   174 | D        | Killed The Meatlord
   174 | D        | Killed a tyrant
   174 | D        | Noticed an accursed
   175 | D        | Killed an accursed
   177 | D        | Noticed a dread
   177 | D        | Killed a dread
   180 | D        | Noticed a destroyer
   180 | D        | Noticed a dread
   180 | D        | Noticed an accursed
   181 | D        | Killed a dread
   181 | D        | Killed an accursed
   181 | D        | Noticed a destroyer
   181 | D        | Noticed a tyrant
   182 | D        | Killed a destroyer
   182 | D        | Killed a tyrant
   182 | D        | Noticed a dread
   183 | D        | Killed a dread
   183 | D        | Noticed a destroyer
   183 | D        | Noticed an accursed
   184 | D        | Killed an accursed
   184 | D        | Killed a destroyer
   185 | D        | Killed a destroyer
   186 | D        | Noticed a fleshlord
   187 | D        | Noticed an accursed
   188 | D        | Got the Orb of Zot
   188 | D        | Noticed an accursed
   189 | D        | Noticed a dread
   189 | D        | Killed a fleshlord
   189 | D        | Killed a dread
   191 | D        | Killed an accursed
   191 | D        | Noticed a fleshlord
   191 | D        | Noticed a dread
   192 | D        | Killed a dread
   192 | D        | Killed an accursed
   192 | D        | Noticed a meat beast
   192 | D        | Noticed a dread
   192 | D        | Noticed a meat beast
   193 | D        | Killed a meat beast
   193 | D        | Killed a fleshlord
   194 | D        | Killed a dread
   194 | D        | Noticed a dread
   195 | D        | Killed a meat beast
   195 | D        | Noticed a fleshlord
   195 | D        | Noticed a fleshlord
   196 | D        | Noticed a fleshlord
   196 | D        | Noticed a large bag of meat
   197 | D        | Noticed a dread
   197 | D        | Noticed a dread
   198 | D        | Killed a dread
   200 | D        | HP: 10/228 [??? (8)]
   200 | D        | Annihilated by a fleshlord

Illustrated notes

Levels and vault maps discovered:
D:        meatsprint

Skill      XL: |  1  2  3  4  5  6  7  8  9 10 11 12 13 14 15 16 17 18 19 20 21 22 23 24 25 26 27 |
---------------+----------------------------------------------------------------------------------+-----
Fighting       | 17 19 21 22 25 27 | 27.0
Axes           | 14 17 18 20 22 26 27 | 27.0
Throwing       | 4 5 6 7 9 15 18 24 27 | 27.0
Armour         | 5 6 7 9 11 18 21 27 | 27.0
Dodging        | 17 20 21 23 26 27 | 27.0
Spellcasting   | 9 14 21 27 | 27.0
Conjurations   | 9 14 21 27 | 27.0
Hexes          | 9 14 21 27 | 27.0
Summonings     | 9 14 21 27 | 27.0
Necromancy     | 9 14 21 27 | 27.0
Translocations | 9 14 21 27 | 27.0
Fire Magic     | 9 14 21 27 | 27.0
Ice Magic      | 9 14 21 27 | 27.0
Air Magic      | 9 14 21 27 | 27.0
Earth Magic    | 9 14 21 27 | 27.0
Alchemy        | 9 14 21 27 | 27.0
Short Blades   | 8 11 14 17 19 21 27 | 27.0
Long Blades    | 8 11 14 17 19 21 27 | 27.0
Maces & Flails | 7 10 13 15 18 20 27 | 27.0
Polearms       | 7 10 13 15 18 20 27 | 27.0
Staves         | 8 11 14 17 19 21 27 | 27.0
Ranged Weapons | 7 10 13 15 18 20 27 | 27.0
Stealth        | 8 11 14 17 19 21 27 | 27.0
Shields        | 9 12 15 18 21 23 27 | 27.0
Unarmed Combat | 9 12 15 18 21 23 27 | 27.0
Invocations    | 9 12 15 18 21 23 27 | 27.0
Evocations     | 9 12 15 18 21 23 27 | 27.0
Shapeshifting  | 7 10 13 15 18 20 27 | 27.0

Action                     |  1- 3 |  4- 6 |  7- 9 | 10-12 | 13-15 | 16-18 | 19-21 | 22-24 | 25-27 || total
---------------------------+-------+-------+-------+-------+-------+-------+-------+-------+-------++-------
  Melee: Executioner's axe |     1 |       |       |     1 |     3 |     6 |     7 |     8 |   324 ||   350
   Cast: Manifold Assault  |       |       |       |       |       |       |       |       |   125 ||   125
 Armour: Leather armour    |       |       |       |     1 |     1 |     1 |     1 |     6 |    32 ||    42
  Dodge: Dodged            |       |       |       |     1 |     1 |       |       |       |     7 ||     9
